[ AOE2 MATCH · #494327296 ]
UnrankedKoreans vs Franks
Player's team · WIN
Rival team · LOSS
[ REPLAY ANALYSIS · EXTRACTED FROM THE RECORDED GAME ]
Feudal
10:15
Castle
24:29
Imperial
—
| APM avg | 32.6 |
| APM peak | 79 |
| eAPM avg | 12.8 |
| Villagers / military | 47 / 31 |
Focus
⚔️ 32.4% · 🌾 67.6%
Spearman ×15 · Archer ×13 · Battering Ram ×3
Feudal
11:54
Castle
16:56
Imperial
—
| APM avg | 25.8 |
| APM peak | 63 |
| eAPM avg | 7.6 |
| Villagers / military | 39 / 8 |
Focus
⚔️ 26.5% · 🌾 73.5%
Throwing Axeman ×6 · Knight ×2
Match map
Initial resources + every placement click. Lines = walls · curves = elevation contours. ◆ gold · ⬟ stone · ● berries · ✦ relic · ◌ wall gap
Your base· Open — 3t gap
zubair's base· Open — 1t gap
Smoothed initial terrain · ◌ = detected wall gap · hover for details
Inputs per minute
— Disagri - - zubair
Build order — Disagri
143 actions detected in the replay
| 0:00 | Create | Villager (Male) |
| 0:01 | Create | Villager (Male) |
| 0:02 | Build | House |
| 0:03 | Build | House |
| 0:25 | Create | Villager (Male) |
| 0:25 | Create | Villager (Male) |
| 2:07 | Create | Villager (Male) |
| 2:08 | Create | Villager (Male) |
| 2:51 | Create | Villager (Male) |
| 2:51 | Create | Villager (Male) |
| 3:54 | Create | Villager (Male) |
| 3:54 | Create | Villager (Male) |
| 3:55 | Create | Villager (Male) |
| 4:45 | Build | House |
| 5:30 | Create | Villager (Male) |
| 5:30 | Create | Villager (Male) |
| 6:07 | Build | Lumber Camp |
| 6:14 | Create | Villager (Male) |
| 6:14 | Create | Villager (Male) |
| 6:15 | Create | Villager (Male) |
| 7:23 | Build | Mill |
| 7:28 | Create | Villager (Male) |
| 7:40 | Research | Loom |
| 7:46 | Research | Feudal Age |
| 7:46 | Research | Feudal Age |
| 8:08 | Build | Mining Camp |
| 8:52 | Build | Barracks |
| 9:16 | Build | Mining Camp |
| 10:12 | Create | Villager (Male) |
| 10:13 | Create | Villager (Male) |
| 10:15 | Age | Feudal Age |
| 10:16 | Research | Double-Bit Axe |
| 10:16 | Research | Double-Bit Axe |
| 10:26 | Build | Archery Range |
| 10:37 | Research | Wheelbarrow |
| 10:45 | Build | House |
| 11:06 | Create | Archer |
| 11:06 | Create | Archer |
| 11:19 | Create | Villager (Male) |
| 11:19 | Create | Villager (Male) |
| 11:20 | Create | Villager (Male) |
| 11:58 | Build | Watch Tower |
| 12:16 | Build | House |
| 12:32 | Create | Villager (Male) |
| 12:33 | Create | Villager (Male) |
| 13:10 | Create | Archer |
| 13:11 | Create | Archer |
| 13:17 | Build | Blacksmith |
| 13:20 | Build | Farm |
| 13:20 | Build | Farm |
| 13:20 | Build | Farm |
| 13:29 | Build | Watch Tower |
| 13:46 | Create | Villager (Male) |
| 13:47 | Create | Villager (Male) |
| 13:47 | Create | Villager (Male) |
| 13:55 | Build | House |
| 13:59 | Build | House |
| 14:10 | Build | House |
| 14:11 | Build | House |
| 14:42 | Build | Barracks |
| 15:24 | Create | Spearman |
| 15:25 | Create | Spearman |
| 15:36 | Build | Watch Tower |
| 16:00 | Create | Villager (Male) |
| 16:06 | Build | Farm |
| 16:07 | Build | Farm |
| 16:07 | Build | Farm |
| 16:21 | Research | Fletching |
| 16:30 | Create | Villager (Male) |
| 16:31 | Create | Villager (Male) |
| 16:31 | Create | Villager (Male) |
| 16:36 | Build | Farm |
| 16:37 | Build | Farm |
| 16:52 | Build | Lumber Camp |
| 17:04 | Create | Spearman |
| 18:05 | Build | Watch Tower |
| 18:46 | Create | Archer ×5 |
| 19:23 | Create | Spearman |
| 19:23 | Create | Spearman |
| 19:33 | Create | Villager (Male) ×5 |
| 19:36 | Build | Farm |
| 19:36 | Build | Farm |
| 19:36 | Build | Farm |
| 19:37 | Build | Farm |
| 20:48 | Build | Farm |
| 20:49 | Build | Farm |
| 20:49 | Build | Farm |
| 20:52 | Build | Farm |
| 21:32 | Build | Watch Tower |
| 21:36 | Create | Archer |
| 21:37 | Create | Archer |
| 21:37 | Create | Archer |
| 21:49 | Research | Castle Age |
| 21:49 | Research | Castle Age |
| 21:52 | Build | Farm |
| 22:09 | Create | Spearman |
| 22:10 | Create | Spearman |
| 22:11 | Create | Spearman |
| 22:35 | Create | Archer |
| 22:40 | Build | Archery Range |
| 23:37 | Build | Mining Camp |
| 23:51 | Create | Spearman |
| 23:56 | Build | House |
| 24:05 | Build | House |
| 24:10 | Build | House |
| 24:21 | Create | Villager (Male) ×5 |
| 24:29 | Age | Castle Age |
| 24:52 | Build | Siege Workshop |
| 25:03 | Research | Bodkin Arrow |
| 25:05 | Build | Farm |
| 25:09 | Create | Villager (Male) |
| 25:10 | Create | Villager (Male) |
| 25:31 | Build | Farm |
| 25:38 | Create | Villager (Male) |
| 26:12 | Create | Battering Ram |
| 26:20 | Create | Spearman |
| 26:21 | Create | Spearman |
| 26:35 | Research | Pikeman (upgrade) |
| 26:37 | Research | Forging |
| 26:50 | Research | Bow Saw |
| 26:58 | Research | Gold Mining |
| 27:15 | Research | Squires |
| 27:17 | Research | Scale Mail Armor |
| 27:34 | Create | Villager (Male) |
| 27:34 | Create | Villager (Male) |
| 27:35 | Create | Villager (Male) |
| 27:43 | Build | University |
| 27:51 | Create | Battering Ram |
| 28:05 | Research | Crossbowman (upgrade) |
| 28:28 | Research | Chain Mail Armor |
| 28:35 | Create | Spearman |
| 28:43 | Build | House |
| 28:46 | Build | House |
| 28:50 | Build | University |
| 28:57 | Build | Farm |
| 28:57 | Build | Farm |
| 29:09 | Research | Iron Casting |
| 29:36 | Create | Battering Ram |
| 30:07 | Research | Ballistics |
| 30:07 | Research | Ballistics |
| 30:18 | Create | Spearman |
| 30:19 | Create | Spearman |
| 30:19 | Create | Spearman |
Build order — zubair
69 actions detected in the replay
| 0:02 | Create | Villager (Male) ×4 |
| 0:06 | Build | House |
| 1:47 | Build | House |
| 1:55 | Create | Villager (Male) ×2 |
| 2:34 | Build | House |
| 2:43 | Create | Villager (Male) |
| 3:11 | Build | House |
| 3:15 | Create | Villager (Male) |
| 3:46 | Create | Villager (Male) ×2 |
| 3:59 | Build | Lumber Camp |
| 4:24 | Create | Villager (Male) |
| 4:49 | Create | Villager (Male) |
| 4:49 | Create | Villager (Male) |
| 4:50 | Create | Villager (Male) |
| 5:14 | Create | Villager (Male) ×5 |
| 7:00 | Create | Villager (Male) |
| 7:00 | Create | Villager (Male) |
| 7:00 | Create | Villager (Male) |
| 7:34 | Build | Mill |
| 8:28 | Create | Villager (Male) |
| 9:03 | Build | Mining Camp |
| 9:19 | Research | Loom |
| 9:21 | Research | Feudal Age |
| 10:16 | Build | House |
| 11:13 | Build | Barracks |
| 11:33 | Build | Palisade Wall |
| 11:54 | Age | Feudal Age |
| 12:15 | Build | Watch Tower |
| 12:35 | Research | Man-at-Arms (upgrade) |
| 12:44 | Build | Blacksmith |
| 13:29 | Build | Mining Camp |
| 13:49 | Build | Stable |
| 14:09 | Build | Farm |
| 14:10 | Build | Farm |
| 14:13 | Build | Farm |
| 14:16 | Research | Castle Age |
| 14:20 | Build | Farm |
| 15:30 | Research | Stone Mining |
| 15:43 | Build | Farm |
| 15:44 | Build | Farm |
| 15:47 | Build | Farm |
| 16:14 | Build | Farm |
| 16:22 | Build | Farm |
| 16:56 | Age | Castle Age |
| 17:35 | Create | Villager (Male) ×5 |
| 19:17 | Build | Castle |
| 21:12 | Build | Town Center |
| 22:05 | Create | Throwing Axeman ×2 |
| 22:31 | Create | Villager (Male) |
| 22:50 | Research | Arson |
| 23:15 | Create | Throwing Axeman |
| 23:23 | Create | Villager (Male) ×3 |
| 24:32 | Research | Husbandry |
| 25:03 | Research | Gold Mining |
| 25:14 | Create | Villager (Male) ×5 |
| 25:26 | Build | Mining Camp |
| 25:47 | Research | Fletching |
| 26:06 | Create | Villager (Male) |
| 26:12 | Build | Mill |
| 26:40 | Create | Knight |
| 26:40 | Create | Knight |
| 26:54 | Create | Villager (Male) |
| 27:17 | Build | Farm |
| 27:18 | Build | Farm |
| 27:18 | Build | Farm |
| 28:07 | Create | Throwing Axeman ×3 |
| 29:40 | Build | Castle |
| 30:01 | Research | Bodkin Arrow |
| 30:17 | Research | Scale Mail Armor |
Match timeline
| 8:52 | Disagri · first_building Barracks |
| 10:15 | Disagri · age_up feudal |
| 10:26 | Disagri · first_building Archery Range |
| 11:13 | zubair · first_building Barracks |
| 11:33 | zubair · wall_segment Palisade Wall x1 |
| 11:54 | zubair · age_up feudal |
| 13:49 | zubair · first_building Stable |
| 16:56 | zubair · age_up castle |
| 19:17 | zubair · first_building Castle |
| 24:29 | Disagri · age_up castle |
| 24:52 | Disagri · first_building Siege Workshop |
| 31:04 | zubair · resign |
[ AI ANALYSIS · 1 CREDIT ]
What really happened in this match?
Wolo.gg analyzes every decision: build order, eco, micro, common mistakes by bracket. Personalized analysis on WhatsApp or Discord in 30 seconds.
Civ guide
Koreans
Perfil
Disagri